 Dungeon Crawl Stone Soup version 0.28-a0-834-g1a73be5ee4 (webtiles) character file.

Game seed: 7215255900677657232

13792 Crownlay the Thaumaturge (level 12, 0/59 HPs)
             Began as a Gargoyle Earth Elementalist on Nov 11, 2021.
             Was a Follower of Vehumet.
             Shot with an arrow by a centaur warrior (11 damage)
             ... on level 14 of the Dungeon.
             The game lasted 00:27:06 (14854 turns).

Crownlay the Thaumaturge (GrEE)                    Turns: 14854, Time: 00:27:07

Health: 0/59       AC: 19    Str: 12    XL:     12   Next: 9%
Magic:  14/29      EV: 11    Int: 24    God:    Vehumet [*.....]
Gold:   914        SH:  0    Dex: 10    Spells: 33/37 levels left

rFire   . . .      SeeInvis .   A - +5 spear of Dompesen {freeze, rC+ Will+ Int+3}
rCold   + . .      Faith    .   (no shield)
rNeg    + . .      Spirit   .   F - +2 steam dragon scales
rPois   ∞          Reflect  .   H - +0 helmet
rElec   +          Harm     .   (no cloak)
rCorr   .          Rampage  .   (no gloves)
Will    ++...                   K - +2 pair of boots
Stlth   ++........              (no amulet)
HPRegen 0.19/turn               j - ring of willpower
MPRegen 0.21/turn               S - ring of wizardry

@: no status effects
A: sickness immunity, AC +8, negative energy resistance 1, electricity
resistance, torment resistance 1, petrification resistance
a: Renounce Religion


You were on level 14 of the Dungeon.
You worshipped Vehumet.
Vehumet was aware of your devotion.
You visited 2 branches of the dungeon, and saw 13 of its levels.

You collected 1028 gold pieces.
You spent 114 gold pieces at shops.

Inventory:

Hand Weapons
 A - the +5 spear of Dompesen (weapon) {freeze, rC+ Will+ Int+3}
   (You found it on level 5 of the Dungeon)

   It freezes those it strikes, dealing additional cold damage.
   It can also slow down cold-blooded creatures.
   Int:       It affects your intelligence (+3).
   rC:        It protects you from cold.
   Will:      It increases your willpower.
Missiles
 c - 23 stones
 L - 4 throwing nets
 T - 3 boomerangs of dispersal
Armour
 F - +2 steam dragon scales (worn)
 H - a +0 helmet (worn)
 K - a +2 pair of boots (worn)
Magical Staves
 r - a staff of cold
 s - a staff of air
Jewellery
 b - a ring of ice
 j - a ring of willpower (left hand)
 v - a ring of ice
 B - an amulet of faith
 S - a ring of wizardry (right hand)
Wands
 G - a wand of paralysis (8)
 I - a wand of charming (19)
Scrolls
 a - 5 scrolls of identify
 e - a scroll of fog {unknown}
 f - a scroll of amnesia {unknown}
 h - a scroll of vulnerability {unknown}
 i - a scroll of fear
 l - a scroll of blinking {unknown}
 m - 2 scrolls of brand weapon
 o - a scroll of summoning {unknown}
 p - 5 scrolls of magic mapping
 q - 2 scrolls of teleportation
 y - a scroll of noise
 D - a scroll of immolation {unknown}
 N - a scroll of acquirement {unknown}
 Q - a scroll of silence {unknown}
Potions
 d - 4 potions of lignification
 g - 4 potions of heal wounds
 k - 4 potions of curing
 n - a potion of mutation {unknown}
 t - a potion of attraction
 u - 2 potions of ambrosia
 w - a potion of degeneration {unknown}
 x - a potion of might {unknown}
 z - a potion of resistance {unknown}
 E - a potion of haste {unknown}
 J - a potion of berserk rage {unknown}
 O - a potion of experience {unknown}
 P - a potion of cancellation {unknown}
 R - 2 potions of flight {unknown}


   Skills:
 - Level 1.5 Dodging
 - Level 2.1 Stealth
 * Level 13.3 Spellcasting
 + Level 7.8 Conjurations
 - Level 0.7 Transmutations
 + Level 13.0 Earth Magic


You had 33 spell levels left.
You knew the following spells:

 Your Spells              Type           Power      Damage    Failure   Level
a - Sandblast             Erth           100%       2d20      0%          1
b - Stone Arrow           Conj/Erth      100%       3d13      1%          3

Your spell library contained the following spells:

 Spells                   Type           Power      Damage    Failure   Level
 Shock                    Conj/Air       100%       1d9       1%          1
 Apportation              Tloc           30%        N/A       1%          1
 Passwall                 Tmut/Erth      40%        N/A       1%          2
 Conjure Flame            Conj/Fire      34%        6-21      1%          3
 Dazzling Flash           Conj/Hex       68%        N/A       1%          3
 Animate Armour           Summ/Erth      94%        N/A       1%          4
 Petrify                  Tmut/Erth      49%        N/A       1%          4
 Ensorcelled Hibernation  Hex/Ice        30%        N/A       2%          2
 Hailstorm                Conj/Ice       34%        3d9       3%          4
 Iskenderun's Mystic Bla  Conj/Tloc      34%        2d8       3%          4
 Sticky Flame             Conj/Fire      34%        2d5       3%          4
 Gell's Gravitas          Tloc           15%        N/A       4%          3
 Ignite Poison            Fire/Tmut/Pois 17%        N/A       4%          3
 Lesser Beckoning         Tloc           15%        N/A       4%          3
 Spider Form              Tmut/Pois      17%        N/A       4%          3
 Swiftness                Air            15%        N/A       4%          3
 Teleport Other           Tloc           15%        N/A       4%          3
 Ice Form                 Ice/Tmut       17%        N/A       13%         4
 Alistair's Intoxication  Tmut/Pois      11%        N/A       32%         5
 Starburst                Conj/Fire      17%        6d6       41%         6
 Lehudib's Crystal Spear  Conj/Erth      30%        10d8      77%         8
 Simulacrum               Ice/Necr       7%         N/A       90%         6


Dungeon Overview and Level Annotations

Branches:
Dungeon (14/15)            Temple (1/1) D:6            Lair (0/6) D:8
    Orc (0/2) D:10
 Vaults: D:13-14

Altars:
Ashenzari
Cheibriados
Dithmenos
Elyvilon
Fedhas
Gozag
Hepliaklqana
Kikubaaqudgha
Makhleb
Nemelex Xobeh
Okawaru
Qazlal
Ru
Sif Muna
Trog
Uskayaw
Vehumet
Wu Jian
Xom
Yredelemnul
Zin
The Shining One

Shops:
D:4 !   D:5 ?**:*(


Innate Abilities, Weirdness & Mutations

You are immune to sickness and miasma.
Your stone body is resilient. (AC +8)
You are immune to poison.
You resist negative energy. (rN+)
You are resistant to electric shocks. (rElec)
You are resistant to unholy torment.
You are immune to petrification.


Message History

Confirm with . or Enter, or press ? or * to list all spells.
Aiming: Stone Arrow (safe; 1% risk of failure)
Press: ? - help, Shift-Dir - straight line, f/p - centaur warrior
Aim: a centaur warrior, wielding a +0 longbow and quivering arrows (moderately wounded, 84% to hit)
The stone arrow hits the centaur warrior!!
The centaur warrior is almost dead.
The centaur warrior shoots an arrow.
The arrow barely misses you.
The centaur warrior shoots an arrow.
The arrow hits you!
Casting: Stone Arrow (safe; 1% risk of failure)
Confirm with . or Enter, or press ? or * to list all spells.
Aiming: Stone Arrow (safe; 1% risk of failure)
Press: ? - help, Shift-Dir - straight line, f/p - centaur warrior
Aim: a centaur warrior, wielding a +0 longbow and quivering arrows (almost dead, 84% to hit)
The stone arrow hits the centaur warrior!
You kill the centaur warrior!
Vehumet accepts your kill. 2 centaurs and a centaur warrior come into view.
A centaur warrior comes into view.
A centaur comes into view.
A centaur comes into view.
The centaur wields a +0 shortbow.
The centaur shoots an arrow.
The arrow barely misses you.
A tengu conjurer comes into view. It is wearing a +2 robe of willpower.
The centaur moves out of view.
Casting: Stone Arrow (safe; 1% risk of failure)
Confirm with . or Enter, or press ? or * to list all spells.
Aiming: Stone Arrow (safe; 1% risk of failure)
Press: ? - help, Shift-Dir - straight line, f - centaur warrior
Aim: a centaur warrior, quivering arrows (84% to hit)
The stone arrow hits the centaur warrior!!
The centaur warrior is moderately wounded.
The centaur warrior wields a +0 longbow.
The centaur warrior shoots an arrow.
The arrow barely misses you.
The centaur shoots an arrow.
The arrow hits you.
The tengu conjurer casts a spell.
The tengu conjurer blinks!
The centaur warrior shoots an arrow.
The arrow hits you!
* * * LOW HITPOINT WARNING * * *
You hear the beating of a drum nearby.
The centaur warrior shoots an arrow.
The arrow hits you!
You die...

****,,****,**,*
*,***,***#.##.##* *
*,,****,**,* *.* *,*
*.#...## * *,,,,,,,,,,*##.*
#.# *,......
****,*****,,,,,...* #.#
***...#* ,,,,,*****,,,**#.#*
#.# ###.#* ,,,,,,,,**,,,*
#.# #.# ##...##
*******,**.,,* #.#
##.####.###.##
,,,,,,,,,,.c§**#.###(..##.##
##.#
,,****,,,,...cc#@##......##
##. *,*
*,,**#..cc).........# #. *,*
*,,* #.####.##......#* *#.
*,* *,,* *,* #.###...##.#*
*#.# *,* **,,* *^* #.#
##.##*#.#*#.#* *,***,,,* *,*
#.# ### *#...#* ,,,,,,,,*
*,* #.# *#.#* ,,,,,,,,***,*
#.# #.# *,,,,,,,,**,* #.*
#,#


You could see a centaur warrior and a centaur.

Vanquished Creatures
  Gastronok (D:8)
  Harold (D:8)
  A centaur warrior (D:14)
  3 death yaks
  A two-headed ogre (D:10)
  A cyclops (D:11)
  Joseph (D:10)
  Maggie (D:9)
  A komodo dragon (D:10)
  An unseen horror (D:11)
  2 trolls (D:10)
  A meliai zombie (D:11)
  A shadow (D:10)
  13 yaks
  A wyvern (D:10)
  Grum (D:8)
  A steam dragon (D:7)
  4 vampire mosquitoes (D:14)
  An acid dragon (D:10)
  5 water moccasins
  6 orc warriors
  3 necrophages
  A sky beast (D:5)
  3 wolves (D:8)
  4 centaurs
  A kobold brigand (D:9)
  2 gnoll sergeants (D:10)
  A bullfrog (D:9)
  2 scorpions
  A wyvern zombie (D:8)
  A wyvern skeleton (D:7)
  2 water moccasin skeletons
  11 killer bees
  4 howler monkeys (D:9)
  A lava snake (D:9)
  4 centaur zombies
  2 jellies
  A gnoll shaman (D:9)
  A centaur skeleton (D:7)
  4 orc priests
  4 iguanas
  9 orc wizards
  A hell rat (D:8)
  A killer bee zombie (D:8)
  A howler monkey skeleton (D:5)
  3 gnolls (D:9)
  4 adders
  3 river rats (D:8)
  2 ufetubi
  2 adder skeletons (D:4)
  4 worms
  2 dart slugs (D:3)
  28 orcs
  4 ball pythons
  4 endoplasms
  A giant cockroach (D:4)
  4 hobgoblins
  6 jackals
  4 quokkas
  3 bats
  2 frilled lizards (D:1)
  2 goblins
  A kobold (D:1)
  5 rats
197 creatures vanquished.

Vanquished Creatures (others)
  An orc wizard (D:10)
1 creature vanquished.

Grand Total: 198 creatures vanquished

Notes
Turn   | Place    | Note
-------+----------+-------------------------------------------
     0 | D:1      | Crownlay the Gargoyle Earth Elementalist began the quest
                  | for the Orb.
     0 | D:1      | Reached XP level 1. HP: 10/10 MP: 3/3
   471 | D:1      | Reached XP level 2. HP: 15/15 MP: 5/5
   601 | D:1      | Found a faded altar of an unknown god.
  1448 | D:2      | You fall into a shaft and drop 1 floor!
  1457 | D:3      | Reached XP level 3. HP: 19/19 MP: 7/7
  1557 | D:2      | Reached XP level 4. HP: 18/24 MP: 1/9
  2413 | D:3      | Learned a level 3 spell: Stone Arrow
  3067 | D:4      | Reached skill level 5 in Earth Magic
  3067 | D:4      | Reached XP level 5. HP: 28/28 MP: 6/11
  3157 | D:4      | Found Epolimax's Distillery.
  3797 | D:4      | Bought a potion of curing for 33 gold pieces
  3797 | D:4      | Bought a potion of attraction for 33 gold pieces
  3918 | D:5      | Entered Level 5 of the Dungeon
  3939 | D:5      | Reached XP level 6. HP: 32/32 MP: 9/13
  4008 | D:5      | Found Ummaifar's Serpentskin Sales.
  4008 | D:5      | Noticed a water moccasin
  4008 | D:5      | Noticed a water moccasin
  4011 | D:5      | Killed a water moccasin
  4012 | D:5      | Reached skill level 5 in Spellcasting
  4023 | D:5      | Killed a water moccasin
  4024 | D:5      | Reached XP level 7. HP: 19/36 MP: 11/15
  4206 | D:5      | Found Usinaig's Book Emporium.
  4248 | D:5      | Found Moffof's Antique Weapon Shoppe.
  4841 | D:5      | Found Maas's Magic Scroll Shoppe.
  4914 | D:5      | Bought a scroll of teleportation for 36 gold pieces
  4914 | D:5      | Bought a scroll of noise for 12 gold pieces
  4941 | D:5      | Identified the +5 spear of Dompesen {freeze, rC+ Will+
                  | Int+3}
  5162 | D:5      | Found Aqa Anor's General Store.
  5214 | D:5      | Found Picu's Assorted Antiques.
  5270 | D:6      | Reached XP level 8. HP: 30/41 MP: 18/18
  6294 | D:6      | Found a staircase to the Ecumenical Temple.
  6303 | Temple   | Entered the Ecumenical Temple
  7255 | D:7      | Reached XP level 9. HP: 40/45 MP: 21/21
  7855 | D:7      | Reached skill level 1 in Conjurations
  8088 | D:8      | Noticed Grum
  8094 | D:8      | Killed Grum
  8328 | D:8      | Noticed a death yak
  8331 | D:8      | Noticed a death yak
  8331 | D:8      | Noticed a death yak
  8353 | D:7      | Killed a death yak
  8671 | D:7      | Killed a death yak
  8672 | D:7      | Reached skill level 10 in Spellcasting
  8672 | D:7      | Reached XP level 10. HP: 9/50 MP: 3/24
  8934 | D:8      | Killed a death yak
  8935 | D:8      | Reached skill level 10 in Earth Magic
  8941 | D:8      | Noticed Gastronok
  9033 | D:8      | Noticed Harold
  9239 | D:8      | Killed Harold
  9240 | D:8      | Reached skill level 5 in Conjurations
  9999 | D:8      | Killed Gastronok
 10091 | D:8      | Found a staircase to the Lair.
 10467 | D:9      | Noticed Maggie
 10764 | D:9      | Reached XP level 11. HP: 45/54 MP: 16/26
 10832 | D:9      | Killed Maggie
 10955 | D:9      | Identified the +3 trident "Suypat" {antimagic, *Slow rC+
                  | SInv Stlth+}
 11325 | D:9      | Found a broken altar of Ashenzari.
 11808 | D:10     | Entered Level 10 of the Dungeon
 11854 | D:10     | Found a radiant altar of Vehumet.
 11860 | D:10     | Became a worshipper of Vehumet
 12680 | D:10     | Found a staircase to the Orcish Mines.
 13229 | D:10     | Noticed Joseph
 13234 | D:10     | Killed Joseph
 13341 | D:10     | Noticed a two-headed ogre
 13344 | D:10     | Killed a two-headed ogre
 14605 | D:11     | Reached * piety under Vehumet
 14605 | D:11     | Offered knowledge of Shock by Vehumet.
 14677 | D:11     | Noticed a cyclops
 14681 | D:11     | Killed a cyclops
 14804 | D:11     | You fall into a shaft and drop 3 floors!
 14811 | D:14     | Reached XP level 12. HP: 44/59 MP: 23/29
 14843 | D:14     | Noticed a centaur warrior
 14850 | D:14     | Killed a centaur warrior
 14851 | D:14     | Noticed a centaur warrior
 14851 | D:14     | Noticed a centaur warrior
 14854 | D:14     | Shot with an arrow by a centaur warrior

Illustrated notes

Levels and vault maps discovered:
D:1:      dpeg_arrival_rooms_a, layout_loops_ring,
          dreamdust_ecumenical_altar_angels_and_demons
D:2:      layout_loops_corners
D:3:      layout_basic
D:4:      layout_gridville, nicolae_inconvenience_store
D:5:      layout_cave_pods, serial_shops, kennysheep_mini_moat, shop,
          nicolae_stop_n_shop_1, nicolae_shop_statue_plus, shop,
          guppyfry_shop_venom
D:6:      layout_gridville, lemuel_temple_firewalk_b, bh_walls_and_bars
D:7:      layout_loops_ring
D:8:      layout_cave_pools, dpeg_lair_monsters, uniq_gastronok, uniq_harold,
          uniq_grum
D:9:      layout_rooms, kennysheep_diamond, uniq_maggie
D:10:     minmay_polygon_palace, layout_gridville, nicolae_vehumet_altar_sigil,
          orc_0_dummy, minmay_hedge_maze, uniq_joseph
D:11:     layout_loops_corners, item_on_display_a, uniq_snorg
D:14:     layout_loops_ring, chequers_serial_rivers_room_a,
          gauntlet_entry_generic
Temple:   mainiacjoe_temple_archimedes_tessellation

Skill      XL: |  1  2  3  4  5  6  7  8  9 10 11 12 |
---------------+-------------------------------------+-----
Earth Magic    | 4 5 6 7 8 9 11 12 13 | 13.0
Spellcasting   | 3 4 5 6 8 10 11 13 | 13.3
Conjurations   | 4 6 7 |  7.8
Dodging        | |  1.5
Stealth        | |  2.1
Transmutations | |  0.7

Action                   |  1- 3 |  4- 6 |  7- 9 | 10-12 || total
-------------------------+-------+-------+-------+-------++-------
Melee: Dagger            |    56 |    79 |       |       ||   135
       Spear             |       |       |   108 |    15 ||   123
 Cast: Sandblast         |     6 |    34 |    47 |   101 ||   188
       Stone Arrow       |       |       |    25 |   122 ||   147
  Use: Scroll            |       |     2 |     3 |     7 ||    12
       Potion            |       |       |       |     1 ||     1
 Stab: Sleeping          |     1 |     2 |     4 |       ||     7
Armor: Robe              |    13 |    30 |    19 |       ||    62
       Steam dragon scal |       |       |    30 |    84 ||   114
Dodge: Dodged            |    23 |    50 |    88 |    72 ||   233

Table legend: (Time is in decaauts)
 A = Elapsed time spent in this place.
 B = Non-inter-level travel time spent in this place.
 C = Inter-level travel time spent in this place.
 D = Time resting spent in this place.
 E = Time spent auto-exploring this place.
 F = Levels seen in this place.
 G = Mean time per level.
                   A        B        C        D        E       F      G
               +--------+--------+--------+--------+--------+-----+--------+
         Total |  14885 |  13840 |   1045 |    305 |  11859 |  13 | 1145.0 |
       Dungeon |  14652 |  13642 |   1010 |    305 |  11681 |  12 | 1221.0 |
        Temple |    232 |    197 |     35 |      0 |    178 |   1 |  232.0 |
               +--------+--------+--------+--------+--------+-----+--------+

Top non-repeatable levels by time:
     D:7: 2325 daAuts
    D:10: 2013 daAuts
     D:8: 1534 daAuts
     D:6: 1413 daAuts
     D:5: 1405 daAuts
     D:9: 1327 daAuts
     D:1: 1038 daAuts
     D:2: 1018 daAuts
     D:3: 987 daAuts
     D:4: 970 daAuts
    D:11: 569 daAuts
  Temple: 232 daAuts
    D:14: 49 daAuts
